 Dungeon Crawl Stone Soup version 0.30-a0-760-g5a9884bb7c (webtiles) character file.

Game seed: 13212078281947037

3798 cheesebisquit the Geomancer (level 10, 0/53 HPs)
             Began as a Gargoyle Earth Elementalist on Feb 10, 2023.
             Was an Initiate of Vehumet.
             Killed from afar by a tengu conjurer (6 damage)
             ... with a bolt of lightning
             ... on level 8 of the Dungeon.
             The game lasted 00:22:43 (6703 turns).

cheesebisquit the Geomancer (GrEE)                  Turns: 6703, Time: 00:22:43

Health: 0/53       AC: 23    Str: 12    XL:     10   Next: 16%
Magic:  21/21      EV:  9    Int: 29    God:    Vehumet [......]
Gold:   120        SH: 12    Dex: 10    Spells: 20/24 levels left

rFire   . . .      SeeInvis .    p - +8 mace "Zioloug" {holy, rElec rC+ Int+3}
rCold   + . .      Faith    .    Q - +0 kite shield
rNeg    + . .      Spirit   .    O - +3 leather armour
rPois   ∞          Reflect  +    E - +2 helmet
rElec   +          Harm     .    S - +0 cloak
rCorr   .          Rampage  .    q - +2 pair of gloves
Will    .....                    D - +2 pair of boots
Stlth   ++                       M - amulet of reflection
HPRegen 0.28/turn                I - ring of wizardry
MPRegen 0.17/turn                h - +6 ring of intelligence

@: no status effects
A: sickness immunity, AC +7, negative energy resistance 1, electricity
resistance, torment resistance 1, petrification resistance
a: Renounce Religion


You were on level 8 of the Dungeon.
You worshipped Vehumet.
Vehumet was noncommittal.
You visited 2 branches of the dungeon, and saw 9 of its levels.

You collected 300 gold pieces.
You spent 180 gold pieces at shops.

Inventory:

Hand Weapons
 k - a +0 club
 p - the +8 mace "Zioloug" (weapon) {holy, rElec rC+ Int+3}
   (You found it on level 2 of the Dungeon)

   Int:       It affects your intelligence (+3).
   rC:        It protects you from cold.
   rElec:     It insulates you from electricity.
Missiles
 c - 6 silver javelins
 t - 20 poisoned darts
 P - a throwing net
Armour
 q - a +2 pair of gloves (worn)
 D - a +2 pair of boots (worn)
 E - a +2 helmet (worn)
 N - the +1 plate armour of Day {-Tele Will+++ Int+2}
   (You found it on level 6 of the Dungeon)

   Int:       It affects your intelligence (+2).
   -Tele:     It prevents most forms of teleportation.
   Will:      It greatly increases your willpower.
 O - a +3 leather armour (worn)
 Q - a +0 kite shield (worn)
 S - a +0 cloak (worn)
 T - an orb of mayhem
Jewellery
 f - a +6 ring of strength
 h - a +6 ring of intelligence (right hand)
 v - a ring of see invisible
 I - a ring of wizardry (left hand)
 J - a ring of flight
 M - an amulet of reflection (around neck)
Wands
 A - a wand of flame (6)
 B - a wand of polymorph (8)
 C - a wand of mindburst (13)
 G - a wand of digging (7)
 R - a wand of paralysis (8)
Scrolls
 a - a scroll of enchant weapon {unknown}
 e - 3 scrolls of poison
 g - a scroll of butterflies {unknown}
 i - a scroll of vulnerability {unknown}
 j - a scroll of amnesia {unknown}
 m - 2 scrolls of teleportation
 u - a scroll of noise
 w - a scroll of blinking
 x - a scroll of brand weapon {unknown}
 y - a scroll of fear
 K - 3 scrolls of enchant armour
 L - a scroll of fog
Potions
 b - a potion of magic
 d - a potion of degeneration
 l - a potion of invisibility
 n - 3 potions of resistance
 o - 3 potions of curing
 r - 4 potions of brilliance {unknown}
 s - a potion of cancellation {unknown}
 z - 2 potions of berserk rage
 F - 3 potions of heal wounds {unknown}
 H - 2 potions of attraction {unknown}


   Skills:
 + Level 2.1 Fighting
 + Level 2.1 Armour
 - Level 1.5 Dodging
 - Level 2.1 Stealth
 + Level 2.3 Shields
 + Level 7.8 Spellcasting
 + Level 4.3 Conjurations
 - Level 0.7 Transmutations
 + Level 12.5 Earth Magic


You had 20 spell levels left.
You knew the following spells:

 Your Spells              Type           Power      Damage    Failure   Level
a - Sandblast             Erth           100%       2d20      1%          1
b - Stone Arrow           Conj/Erth      100%       3d13      1%          3

Your spell library contained the following spells:

 Spells                   Type           Power      Damage    Failure   Level
 Passwall                 Tmut/Erth      40%        N/A       1%          2
 Petrify                  Tmut/Erth      49%        N/A       5%          4
 Summon Small Mammal      Summ           44%        N/A       9%          1
 Call Canine Familiar     Summ           11%        N/A       24%         3
 Gell's Gravitas          Tloc           11%        N/A       24%         3
 Summon Guardian Golem    Hex/Summ       11%        N/A       24%         3
 Teleport Other           Tloc           11%        N/A       24%         3
 Cause Fear               Hex            5%         N/A       58%         4
 Conjure Ball Lightning   Conj/Air       12%        3x3d6     99%         6
 Dispersal                Tloc           5%         N/A       100%        6
 Dragon Form              Tmut           7%         N/A       100%        7
 Discord                  Hex            5%         N/A       100%        8
 Disjunction              Tloc           5%         N/A       100%        8
 Dragon's Call            Summ           5%         N/A       100%        9


Dungeon Overview and Level Annotations

Branches:
Dungeon (8/15)             Temple (1/1) D:7
   Lair: D:8-11

Altars:
Ashenzari
Cheibriados
Dithmenos
Fedhas
Gozag
Hepliaklqana
Kikubaaqudgha
Makhleb
Nemelex Xobeh
Okawaru
Qazlal
Ru
Sif Muna
Trog
Uskayaw
Vehumet
Wu Jian
Xom
Yredelemnul
Zin
The Shining One

Shops:
D:6 *

Annotations:
D:3 1 runed translucent door


Innate Abilities, Weirdness & Mutations

You are immune to sickness and miasma.
Your stone body is resilient. (AC +7)
You are immune to poison.
You resist negative energy. (rN+)
You are resistant to electric shocks. (rElec)
You are resistant to unholy torment.
You are immune to petrification.


Message History

An acid dragon and a howler monkey come into view.
Found a ring of see invisible.
Press: ? - help, v - describe, . - travel, g - get item Item here: a ring of see invisible.
The floor.
Unknown command.
The howler monkey howls!
The acid dragon roars!
You hear a shout! x2
A tengu conjurer comes into view.
The howler monkey hoots and howls with incredible vigour!
A kobold comes into view. It is wielding a +0 short sword.
You hear a shout! x2
The kobold shouts!
A kobold comes into view. It is wielding a +0 dagger.
The tengu conjurer gestures at you while chanting.
The bolt of lightning hits you. You resist. The acid dragon spits acid at you.
The splash of acid hits you!!
Ouch! That really hurt!
You hear a shout!
The howler monkey hoots and howls with incredible vigour!
The tengu conjurer gestures at you while chanting.
The bolt of lightning hits you. You resist.
You hear a shout!
The acid dragon spits acid at you. The splash of acid hits you.
* * * LOW HITPOINT WARNING * * *
Okay, then.
The howler monkey hoots and howls with incredible vigour!
The acid dragon spits acid at you. The splash of acid hits you!
* * * LOW HITPOINT WARNING * * *
You fade into invisibility!
The tengu conjurer casts a spell.
You flicker for a moment.
The tengu conjurer gestures at you while chanting.
The bolt of lightning misses you.
You flicker back into view.
The tengu conjurer gestures at you while chanting.
The bolt of lightning hits you. You resist.
You die...

#............. ..
###.#.)))..... ...
.###.##.....#..
..##### ...#.##.)..##
#....# #.....)#...##
#....# ##..........##
#....# #............#
#....####............#
#....@.#...>.........#
#....#................
#....###.#....##......
#....#...###..........
##.....# ###..##....
###..## ##.........
##.## #..####....
##hQ# ###.## ...
##...## ##...# ..


You could see a tengu conjurer and a howler monkey.

Vanquished Creatures
  A two-headed ogre (D:8)
  Pikel (D:5)
  Prince Ribbit (D:7)
  A steam dragon (D:8)
  2 water moccasins
  Duvessa (D:7)
  3 sky beasts
  A black bear (D:4)
  An ice beast (D:5)
  An ogre (D:4)
  A kobold brigand (D:8)
  3 bullfrogs
  3 scorpions (D:6)
  A necrophage (D:4)
  A gnoll sergeant (D:7)
  Dowan (D:7)
  A howler monkey (D:8)
  3 hounds
  A jelly (D:6)
  Crazy Yiuf (D:7)
  2 orc priests
  5 iguanas
  2 orc wizards
  Natasha (twice) (D:2)
  4 gnolls (D:7)
  5 adders
  A shadow imp (D:5)
  2 white imps (D:5)
  3 ufetubi
  4 worms
  2 dart slugs
  16 orcs
  3 bats
  12 endoplasms
  3 giant cockroaches
  11 goblins
  12 hobgoblins
  2 jackals (D:4)
  7 quokkas
  3 ball pythons
  A frilled lizard (D:3)
  12 kobolds
  9 rats
152 creatures vanquished.

Vanquished Creatures (others)
  5 dream sheep (D:4)
5 creatures vanquished.

Grand Total: 157 creatures vanquished

Notes
Turn   | Place    | Note
-------+----------+-------------------------------------------
     0 | D:1      | cheesebisquit the Gargoyle Earth Elementalist began the
                  | quest for the Orb.
     0 | D:1      | Reached XP level 1. HP: 10/10 MP: 3/3
   185 | D:1      | Reached skill level 4 in Earth Magic
   185 | D:1      | Reached XP level 2. HP: 15/15 MP: 3/5
  1052 | D:1      | Found a faded altar of an unknown god.
  1111 | D:1      | Reached XP level 3. HP: 19/19 MP: 3/6
  1407 | D:2      | Noticed Natasha
  1409 | D:2      | Killed Natasha
  1413 | D:2      | Noticed Natasha
  1417 | D:2      | Killed Natasha
  1418 | D:2      | Reached skill level 5 in Earth Magic
  1418 | D:2      | Reached XP level 4. HP: 21/24 MP: 2/8
  1681 | D:2      | Identified the +8 mace "Zioloug" {holy, rElec rC+ Int+3}
  1910 | D:2      | Reached XP level 5. HP: 28/28 MP: 5/10
  2490 | D:3      | Found a runed translucent door.
  2490 | D:3      | Noticed a human
  2517 | D:3      | Found a basalt altar of Yredelemnul.
  2547 | D:3      | Found a blossoming altar of Fedhas.
  2647 | D:3      | Learned a level 3 spell: Stone Arrow
  2696 | D:3      | Reached skill level 6 in Earth Magic
  2696 | D:3      | Reached XP level 6. HP: 12/32 MP: 4/12
  2987 | D:3      | Found a sacrificial altar of Ru.
  3721 | D:4      | Reached skill level 7 in Earth Magic
  3721 | D:4      | Reached XP level 7. HP: 34/36 MP: 3/14
  3722 | D:4      | Reached skill level 5 in Spellcasting
  4025 | D:4      | Found a snail-covered altar of Cheibriados.
  4128 | D:4      | Noticed a dream sheep
  4128 | D:4      | Noticed a dream sheep
  4128 | D:4      | Noticed a dream sheep
  4128 | D:4      | Noticed a dream sheep
  4128 | D:4      | Noticed a dream sheep
  4128 | D:4      | Found a shimmering altar of Xom.
  4131 | D:4      | Killed a dream sheep
  4131 | D:4      | Killed a dream sheep
  4131 | D:4      | Killed a dream sheep
  4131 | D:4      | Killed a dream sheep
  4132 | D:4      | Reached skill level 8 in Earth Magic
  4132 | D:4      | Killed a dream sheep
  4133 | D:4      | Reached XP level 8. HP: 35/41 MP: 16/16
  4244 | D:5      | Entered Level 5 of the Dungeon
  4254 | D:4      | Reached skill level 9 in Earth Magic
  4595 | D:5      | Noticed Pikel
  4602 | D:5      | Killed Pikel
  4603 | D:5      | Reached skill level 10 in Earth Magic
  4603 | D:5      | Reached XP level 9. HP: 34/45 MP: 13/19
  4798 | D:5      | Reached skill level 1 in Conjurations
  4798 | D:5      | Reached skill level 11 in Earth Magic
  5098 | D:6      | Found a hide-covered altar of Uskayaw.
  5219 | D:6      | Identified the +1 plate armour of Day {-Tele Will+++ Int+2}
  5437 | D:6      | Found Nicif's Assorted Antiques.
  5440 | D:6      | Bought a scroll labelled MEGOD YKKUU for 20 gold pieces
  5440 | D:6      | Bought a scroll labelled YLYMMETZ PIJUSAIF for 20 gold
                  | pieces
  5440 | D:6      | Bought a runed leather armour for 100 gold pieces
  5440 | D:6      | Bought a scroll of identify for 40 gold pieces
  5466 | D:6      | Found an iron altar of Okawaru.
  5646 | D:7      | Noticed Duvessa
  5648 | D:7      | Noticed Dowan
  5649 | D:7      | Killed Duvessa
  5651 | D:7      | Killed Dowan
  5705 | D:7      | Found a glowing silver altar of Zin.
  5793 | D:7      | Found a staircase to the Ecumenical Temple.
  5799 | Temple   | Entered the Ecumenical Temple
  5805 | Temple   | Became a worshipper of Vehumet
  5867 | D:7      | Noticed Prince Ribbit
  5870 | D:7      | Killed Prince Ribbit
  5871 | D:7      | Reached skill level 12 in Earth Magic
  5915 | D:7      | Found a stormy altar of Qazlal.
  6219 | D:7      | Found a runed translucent door.
  6220 | D:7      | Noticed Crazy Yiuf
  6336 | D:7      | Killed Crazy Yiuf
  6423 | D:8      | Reached skill level 1 in Armour
  6423 | D:8      | Reached skill level 1 in Shields
  6427 | D:8      | Reached skill level 1 in Fighting
  6587 | D:8      | Noticed a two-headed ogre
  6590 | D:8      | Killed a two-headed ogre
  6591 | D:8      | Reached XP level 10. HP: 53/53 MP: 11/21
  6685 | D:8      | HP: 1/53 [acid dragon/splash of acid (13)]
  6703 | D:8      | Killed from afar by a tengu conjurer

Illustrated notes

Levels and vault maps discovered:
D:1:      psy_arrival_conway, layout_basic, nicolae_ecumenical_lake_church,
          serial_aquarium, aquarium_bridge_straight [aquarium_subvault_bridge,
          aquarium_subvault_wall, aquarium_subvault_bridge,
          aquarium_subvault_wall], aquarium_bridge_long_joined
          [aquarium_subvault_wall, aquarium_subvault_bridge,
          aquarium_subvault_bridge, aquarium_subvault_wall,
          aquarium_subvault_bridge, aquarium_subvault_bridge],
          aquarium_window_2, aquarium_window_2, aquarium_window_1,
          aquarium_view_2d, aquarium_balcony_5b
D:2:      layout_loops_cross, nicolae_concentric_dashed_squares_mild,
          chequers_garden, uniq_natasha
D:3:      minmay_door_path, layout_loops_ring, old_standard_altar,
          nicolae_overflow_crystal_walls, dk_yredelemnul_ordeal,
          glass_columns_a, corexii_leaking_fountain
D:4:      layout_cave_pools, old_standard_altar, kb_xom_exploding_sheep,
          minmay_stone_trees_small, minmay_fractal_squares_5
D:5:      layout_rooms, uniq_pikel
D:6:      layout_basic, mainiacjoe_overflow_surrounded_room,
          okawaru_altar_gauntlet_db, serial_shops, nicolae_shop_behind_doors,
          kennysheep_generic_room_10
D:7:      layout_cave_pools, lemuel_coloured_pillars_altar,
          kennysheep_little_box, temple_green, uniq_duvessa,
          uniq_crazy_yiuf_cottage, uniq_prince_ribbit1
D:8:      kennysheep_seaside_town, layout_rooms,
          nicolae_elyvilon_peaceful_grove, hangedman_abyss_or_decor_passed,
          minmay_radiant
Temple:   nicolae_temple_no_exploring_needed

Skill      XL: |  1  2  3  4  5  6  7  8  9 |
---------------+----------------------------+-----
Earth Magic    | 4 5 6 7 8 10 12 | 12.5
Spellcasting   | 3 4 5 6 7 |  7.8
Conjurations   | 4 |  4.3
Armour         | 2 |  2.1
Shields        | 2 |  2.3
Fighting       | 2 |  2.1
Dodging        | |  1.5
Stealth        | |  2.1
Transmutations | |  0.7

Action                     |  1- 3 |  4- 6 |  7- 9 | 10-12 || total
---------------------------+-------+-------+-------+-------++-------
  Melee: Mace              |       |       |    12 |       ||    12
   Cast: Sandblast         |    34 |   101 |    93 |       ||   228
         Stone Arrow       |       |       |    13 |       ||    13
    Use: Scroll            |       |       |    13 |       ||    13
         Potion            |       |       |       |     1 ||     1
 Armour: Robe              |       |    14 |       |       ||    14
         Leather armour    |       |     4 |    34 |       ||    38
  Dodge: Dodged            |     2 |    36 |    26 |     1 ||    65
  Block: Kite shield       |       |       |    11 |       ||    11
         Other             |       |       |     4 |       ||     4
         Reflection        |       |       |     1 |       ||     1

Table legend: (Time is in decaauts)
 A = Elapsed time spent in this place.
 B = Non-inter-level travel time spent in this place.
 C = Inter-level travel time spent in this place.
 D = Time resting spent in this place.
 E = Time spent auto-exploring this place.
 F = Levels seen in this place.
 G = Mean time per level.
                   A        B        C        D        E       F      G
               +--------+--------+--------+--------+--------+-----+--------+
         Total |   6823 |   6663 |    160 |     33 |   5664 |   9 |  758.1 |
       Dungeon |   6810 |   6660 |    150 |     33 |   5664 |   8 |  851.2 |
        Temple |     12 |      2 |     10 |      0 |      0 |   1 |   12.0 |
               +--------+--------+--------+--------+--------+-----+--------+

Top non-repeatable levels by time:
     D:1: 1393 daAuts
     D:2: 1058 daAuts
     D:3: 978 daAuts
     D:4: 924 daAuts
     D:6: 800 daAuts
     D:7: 759 daAuts
     D:5: 588 daAuts
     D:8: 308 daAuts
  Temple: 12 daAuts
